 Dungeon Crawl Stone Soup version 0.31.0-7-gf635a9b802 (webtiles) character file.

Game seed: 6333058401876796163

249 Zeia the Magician (level 6, -2/46 HPs)
             Began as a Djinni Ice Elementalist on Jan 23, 2024.
             Slain by a wight
             ... wielding a +3 hand axe
              (6 damage)
             ... on level 4 of the Dungeon.
             The game lasted 00:11:05 (3415 turns).

Zeia the Magician (Djinni Ice Elementalist)         Turns: 3415, Time: 00:11:05

Health: -2/46      AC:  3    Str:  7    XL:     6   Next: 34%
Gold:   193        EV: 13    Int: 18    God:
                   SH:  0    Dex: 14

rFire   + + .        r - +1 dagger (holy)
rCold   x . .        (no shield)
rNeg    . . .        a - +0 robe
rPois   ∞            l - +0 helmet
rElec   .            (no cloak)
rCorr   .            (no gloves)
SInv    .            (boots unavailable)
Will    .....        (no amulet)
Stlth   +            (no ring)
HPRegen 0.27/turn    (no ring)
MPRegen 0.00/turn

%: infuse magic (-3 HP)
@: silenced, flying, very slightly contaminated
A: sickness immunity, fire resistance 2, cold vulnerability 1, float, innate
caster, HP casting, extra vitality 1
a: no special abilities


You were on level 4 of the Dungeon.
You visited 1 branch of the dungeon, and saw 6 of its levels.

You collected 193 gold pieces.

Inventory:

Hand Weapons
 g - a +0 dagger
 m - a +2 dagger of draining
 r - a +1 dagger of holy wrath (weapon)
 s - a +2 war axe of electrocution
Armour
 a - a +0 robe (worn)
 l - a +0 helmet (worn)
 w - a +0 cloak
Wands
 u - a wand of roots (7)
Scrolls
 b - 4 scrolls of teleportation
 e - a scroll of noise {unknown}
 f - 2 scrolls of identify
 i - a scroll of enchant armour {unknown}
 k - a scroll of immolation {unknown}
 v - 2 scrolls of vulnerability
 x - a scroll of fear {unknown}
Potions
 c - a potion of brilliance {unknown}
 h - 4 potions of lignification {unknown}
 j - 2 potions of heal wounds {unknown}
 n - a potion of mutation {unknown}
 o - a potion of curing {unknown}
 p - a potion of invisibility {unknown}
 q - a potion of degeneration {unknown}
 t - a potion of magic {unknown}


   Skills:
 + Level 3.1 Fighting
 + Level 4.2 Dodging
 - Level 1.5 Stealth
 + Level 4.4 Spellcasting
 + Level 4.4 Conjurations
 + Level 4.4 Hexes
 + Level 4.4 Summonings
 + Level 4.4 Necromancy
 + Level 4.4 Translocations
 + Level 4.4 Fire Magic
 + Level 4.4 Ice Magic
 + Level 4.4 Air Magic
 + Level 4.4 Earth Magic
 + Level 4.4 Alchemy


You knew the following spells:

 Your Spells              Type           Power      Damage    Failure   Level
a - Freeze                Ice            80%        1d9       2%          1
b - Frozen Ramparts       Ice            40%        1d7       7%          3
c - Ozocubu's Armour      Ice            20%        N/A       7%          3
d - Summon Ice Beast      Ice/Summ       20%        N/A       7%          3
e - Shock                 Conj/Air       80%        1d8       2%          1
f - Jinxbite              Hex            40%        N/A       3%          2
Your spell library was empty.

Dungeon Overview and Level Annotations

Branches:
Dungeon (6/15)
 Temple: D:4-7

Altars:
Elyvilon
Zin
The Shining One

Annotations:
D:2 exclusion: zombie, Sigmund


Innate Abilities, Weirdness & Mutations

You are immune to sickness and miasma.
You are immune to poison.
Your flesh is very heat resistant. (rF++)
You are vulnerable to cold. (rC-)
You float through the air rather than walking.
You learn spells naturally, not from books.
Your magical power is your life essence.
You have superior vitality. (+4 MHP)


Message History

The wight misses your ice beast.
Your ice beast barely misses the wight.
You hit the wight.
The wight convulses.
The wight is lightly damaged.
The wight closely misses you.
The wight hits your ice beast with a +3 hand axe.
Your ice beast hits the wight but does no damage.
You hit the wight but do no damage.
The wight is lightly damaged.
The wight closely misses you.
The wight hits your ice beast with a +3 hand axe.
Your ice beast hits the wight but does no damage.
You hit the wight but do no damage.
The wight is lightly damaged.
The wight hits you with a +3 hand axe!
The wight closely misses your ice beast.
Your ice beast barely misses the wight.
You closely miss the wight.
The wight is lightly damaged.
The wight hits you with a +3 hand axe! The wight barely misses your ice beast.
Your ice beast hits the wight.
Your ice beast freezes the wight.
The wight resists.
Your ice beast hits the wight.
Your ice beast freezes the wight.
The wight resists.
There is a stone staircase leading up here.
The wight attacks as it pursues you! The wight hits you with a +3 hand axe!
* * * LOW HITPOINT WARNING * * *
As you read the scroll labelled LYUCHUDASK, it crumbles to dust.
It is a scroll of identify.
v - 2 scrolls of vulnerability The wight misses you.
The wight barely misses something.
As you read the scroll labelled BOFUTOYTYHUON, it crumbles to dust.
A profound silence engulfs you.
It was a scroll of silence.
The wight completely misses you. The wight misses your ice beast.
Your ice beast hits the wight but does no damage.
Magic scrolls do not work when you're silenced!
Something hits your ice beast.
You swap places.
There is a stone staircase leading up here.
The wight hits you with a +3 hand axe.
You die...

##...........##..#...#.
#...#......[.##.##.##. #
#..................... .##.
#.............######(.
.....##(...........###......
#....$......##...##....##
#....##.....#..^....####
.#.......z...........#
...z.......@#..###.#..##
....#.##...Y.......#..# ...
## ##......##....## ..
##....####...# . #...##
##..# #...# #### ##.## ###


You could see a wight (ally target) and a friendly ice beast (summoned).

Vanquished Creatures
  A wight (D:3)
  A hound (D:4)
  A jelly (D:4)
  An orc wizard (D:3)
  3 adders
  An adder zombie (D:2)
  A ribbon worm (D:2)
  A dart slug (D:3)
  4 orcs
  5 bats
  7 endoplasms
  6 giant cockroaches
  3 goblins (D:1)
  6 hobgoblins
  6 jackals
  6 kobolds
  2 quokkas
  3 ball pythons
  A ball python zombie (D:2)
  4 frilled lizards
  A giant cockroach zombie (D:2)
  10 rats
74 creatures vanquished.

Notes
Turn   | Place    | Note
-------+----------+-------------------------------------------
     0 | D:1      | Zeia the Djinni Ice Elementalist began the quest for the
                  | Orb.
     0 | D:1      | Zeia set off with the following spells memorised: Freeze,
                  | Frozen Ramparts, Ozocubu's Armour, Summon Ice Beast.
     0 | D:1      | Reached XP level 1. HP: 15/15 MP: 0/0
   185 | D:1      | Reached XP level 2. HP: 14/22 MP: 0/0
   288 | D:1      | Reached skill level 1 in Fighting
   338 | D:1      | Found a faded altar of an unknown god.
   506 | D:1      | Reached XP level 3. HP: 26/27 MP: 0/0
   506 | D:1      | Learned a level 1 spell: Shock
  1208 | D:2      | Reached XP level 4. HP: 31/32 MP: 0/0
  1388 | D:2      | Noticed Sigmund
  2320 | D:3      | You are sucked into a shaft and drop 3 floors!
  2353 | D:5      | Entered Level 5 of the Dungeon
  2381 | D:5      | Noticed a centaur
  2405 | D:5      | Noticed a water moccasin
  2412 | D:4      | Noticed a gnoll sergeant
  2477 | D:3      | Reached XP level 5. HP: 37/38 MP: 0/0
  2477 | D:3      | Learned a level 2 spell: Jinxbite
  2635 | D:3      | Found a glowing silver altar of Zin.
  2635 | D:3      | Found a white marble altar of Elyvilon.
  2635 | D:3      | Found a glowing golden altar of the Shining One.
  3054 | D:3      | Reached XP level 6. HP: 12/45 MP: 0/0
  3415 | D:4      | Slain by a wight

Illustrated notes

Levels and vault maps discovered:
D:1:      kilobyte_arrival_exit_the_forest, layout_loops_ring,
          shapermc_ecumenical_altar_venn
D:2:      layout_loops_ring, serial_undead, serial_undead_f, serial_undead_d,
          serial_undead_f, serial_undead_c, uniq_sigmund
D:3:      layout_basic, dreamdust_divine_triumvirate
D:4:      minmay_chambers_of_threes, layout_cave_pools,
          mainiacjoe_overflow_concentric_impassable
D:5:      layout_rooms, nicolae_overflow_hidden_temple,
          chequers_serial_rivers_small_b, uniq_ijyb
D:6:      layout_loops_ring, palyth_temple_overflow_mages,
          minmay_temple_entry_ruins, uniq_prince_ribbit1

Skill      XL: |  1  2  3  4  5  6 |
---------------+-------------------+-----
Fighting       | 1 2 3 |  3.1
Dodging        | 3 4 |  4.2
Spellcasting   | 4 |  4.4
Conjurations   | 4 |  4.4
Hexes          | 4 |  4.4
Summonings     | 4 |  4.4
Necromancy     | 4 |  4.4
Translocations | 4 |  4.4
Fire Magic     | 4 |  4.4
Ice Magic      | 4 |  4.4
Air Magic      | 4 |  4.4
Earth Magic    | 4 |  4.4
Alchemy        | 4 |  4.4
Stealth        | |  1.5

Action                     |  1- 3 |  4- 6 || total
---------------------------+-------+-------++-------
  Melee: Unarmed           |     5 |       ||     5
         Dagger            |     6 |    85 ||    91
         Punch             |       |     1 ||     1
   Cast: Freeze            |    38 |    23 ||    61
         Shock             |    19 |    36 ||    55
         Summon Ice Beast  |       |     1 ||     1
    Use: Scroll            |       |     3 ||     3
   Stab: Sleeping          |     1 |     1 ||     2
 Armour: Robe              |    24 |    67 ||    91
  Dodge: Dodged            |    21 |    79 ||   100
